 Dungeon Crawl Stone Soup version 0.28.0-43-g3370ac3207 (webtiles) character file.

Game seed: 10915026778032586284

2 Acheron the Ducker (level 1, -3/14 HPs)
             Began as a Minotaur Venom Mage on Mar 18, 2022.
             Slain by a gnoll
             ... wielding a +0 spear
              (10 damage)
             ... on level 1 of the Dungeon.
             The game lasted 00:00:48 (72 turns).

Acheron the Ducker (Minotaur Venom Mage)              Turns: 72, Time: 00:00:48

Health: -3/14      AC:  2    Str: 12    XL:     1   Next: 33%
Magic:  0/2        EV: 12    Int: 12    God:
Gold:   0          SH:  0    Dex: 10    Spells: 2/3 levels left

rFire   . . .      SeeInvis .   (no weapon)
rCold   . . .      Faith    .   (no shield)
rNeg    . . .      Spirit   .   a - +0 robe
rPois   .          Reflect  .   (helmet restricted)
rElec   .          Harm     .   (no cloak)
rCorr   .          Rampage  .   (no gloves)
Will    .....                   (no boots)
Stlth   ++........              (no amulet)
HPRegen 0.04/turn               (no ring)
MPRegen 0.08/turn               (no ring)

@: no status effects
A: horns 2, retaliatory headbutt
a: no special abilities


You were on level 1 of the Dungeon.
You visited 1 branch of the dungeon, and saw 2 of its levels.

Inventory:

Armour
 a - a +0 robe (worn)
Scrolls
 b - a scroll of identify {unknown}


   Skills:
 * Level 2.1 Dodging
 * Level 1.5 Stealth
 + Level 1.5 Spellcasting
 * Level 0.7 Transmutations
 + Level 2.1 Poison Magic


You had 2 spell levels left.
You knew the following spells:

 Your Spells              Type           Power      Damage    Failure   Level
a - Sting                 Tmut/Pois      16%        1d3       16%         1

Your spell library contained the following spells:

 Spells                   Type           Power      Damage    Failure   Level
 Poisonous Vapours        Pois/Air       6%         N/A       28%         2
 Mephitic Cloud           Conj/Pois/Air  2%         N/A       54%         3
 Olgreb's Toxic Radiance  Pois           6%         N/A       75%         4


Dungeon Overview and Level Annotations

Branches:
Dungeon (2/15)

Altars:


Innate Abilities, Weirdness & Mutations

You have a pair of horns on your head.
You reflexively headbutt those who attack you in melee.


Message History

You don't have enough magic to cast this spell.
Unknown command.
Unknown command.
You hit the dart slug. You headbutt the dart slug.
The dart slug is severely wounded.
The dart slug barely misses you.
You hit the dart slug.
You kill the dart slug!
b - a scroll labelled PEJAJU POBRA You start resting.
Magic restored.
There is a stone staircase leading down here.
You climb downwards.
The gnoll shouts! x2; You hear a shout!
Found a chain mail.
There is a stone staircase leading up here.
The gnoll hits you with a +0 spear.
You climb upwards.
There is a stone staircase leading down here.
Casting: Sting (safe; 16% risk of failure)
Confirm with . or Enter, or press ? or * to list all spells.
Aiming: Sting (safe; 16% risk of failure)
Press: ? - help, Shift-Dir - straight line, f - gnoll
Aim: a gnoll, wielding a +0 spear (69% to hit)
The sting hits the gnoll.
The gnoll is poisoned.
The gnoll is lightly wounded.
The gnoll misses you.
Casting: Sting (safe; 16% risk of failure)
Confirm with . or Enter, or press ? or * to list all spells.
Aiming: Sting (safe; 16% risk of failure)
Press: ? - help, Shift-Dir - straight line, f/p - gnoll
Aim: a gnoll, wielding a +0 spear (moderately wounded, poisoned, 69% to hit)
The sting hits the gnoll.
The gnoll looks even sicker.
The gnoll is moderately wounded.
The gnoll hits you with a +0 spear.
You hit the gnoll. Your headbutt misses the gnoll.
The gnoll is heavily wounded.
The gnoll hits you with a +0 spear!
Ouch! That really hurt!
You die...

.######.###########
..............†...#
##########.####.####.#
##≈##≈## #.# #.#
#≈P≈≈P≈## #.# #.#
≈P8PP8P≈# #.# #.#
#≈P..P.####.# #.#
...<........# #g#
#≈P..♣.###### #@#
≈P8P♣8♣≈# #.#
#≈P≈≈♣≈## #.# ##≈##≈##
#.. ###### ##. #. . .#


You could see a gnoll (very poisoned).

Vanquished Creatures
  A dart slug (D:1)
1 creature vanquished.

Notes
Turn   | Place    | Note
-------+----------+-------------------------------------------
     0 | D:1      | Acheron the Minotaur Venom Mage began the quest for the
                  | Orb.
     0 | D:1      | Reached XP level 1. HP: 14/14 MP: 1/1
    72 | D:1      | Slain by a gnoll

Illustrated notes

Levels and vault maps discovered:
D:1:      ldierk_walled_garden_2, layout_loops_ring, serial_shops,
          nicolae_shop_crystal, chequers_ecumenical_altar_simple
D:2:      kb_forest_paths, layout_basic, basic_altar, minivault_23,
          kennysheep_generic_room_15

Action                   || total
-------------------------++-------
Melee: Unarmed           ||     3
       Headbutt          ||     1
 Cast: Sting             ||     3
Dodge: Dodged            ||     2
